 Dungeon Crawl Stone Soup version 0.29.1-13-g9f3cf754e1 (webtiles) character file.

Game seed: 1376957035764770074

1660 seveneves the Basher (level 8, -1/71 HPs)
             Began as a Minotaur Fighter on Jan 27, 2023.
             Was a High Priest of Uskayaw.
             Succumbed to a water moccasin's poison
             ... on level 7 of the Dungeon.
             The game lasted 00:31:55 (3965 turns).

seveneves the Basher (Minotaur Fighter)             Turns: 3965, Time: 00:31:56

Health: -1/71      AC: 24    Str: 22    XL:     8   Next: 68%
Magic:  7/7        EV:  3    Int:  5    God:    Uskayaw [*****.]
Gold:   327        SH:  5    Dex: 11    Spells: 7/7 levels left

rFire   . . .      SeeInvis .   u - +5 morningstar (drain)
rCold   . . .      Faith    .   c - +0 buckler
rNeg    . . .      Spirit   .   g - +2 crystal plate armour
rPois   .          Reflect  .   (helmet restricted)
rElec   .          Harm     .   (no cloak)
rCorr   .          Rampage  .   (no gloves)
Will    .....                   (no boots)
Stlth   ..........              v - amulet of the acrobat
HPRegen 0.21/turn               p - +4 ring of protection
MPRegen 0.10/turn               (no ring)

@: mighty, lethally poisoned (-1 -> -15), about to teleport, hasted, very quick
A: horns 2, retaliatory headbutt
a: Renounce Religion, Stomp, Line Pass, Grand Finale


You were on level 7 of the Dungeon.
You worshipped Uskayaw.
Uskayaw was noncommittal.
You visited 1 branch of the dungeon, and saw 7 of its levels.

You collected 477 gold pieces.
You spent 150 gold pieces at shops.

Inventory:

Hand Weapons
 h - a +4 quarterstaff of chaos
 j - a +2 flail of holy wrath
 q - a +1 whip of distortion
 u - a +5 morningstar of draining (weapon)
 y - a +2 vorpal trident
Missiles
 w - 8 atropa-tipped darts (quivered)
Armour
 c - a +0 buckler (worn)
 g - a +2 crystal plate armour (worn)
 o - a +2 cloak
Jewellery
 p - a +4 ring of protection (left hand)
 v - an amulet of the acrobat (around neck)
Scrolls
 a - a scroll of identify
 i - 2 scrolls of amnesia
 t - 2 scrolls of teleportation
Potions
 d - a potion of might
 e - a potion of resistance
 f - 4 potions of curing
 k - a potion of haste
 l - 2 potions of flight
 m - a potion of cancellation
 n - 2 potions of brilliance
 x - a potion of ambrosia {unknown}


   Skills:
 + Level 6.4 Fighting
 + Level 9.2 Maces & Flails
 + Level 6.9 Armour
 + Level 2.1 Stealth
 + Level 6.0 Shields


You had 7 spell levels left.
You didn't know any spells.
Your spell library contained the following spells:

 Spells                   Type           Power      Damage    Failure   Level
 Shock                    Conj/Air       0%         1d3       100%        1
 Confusing Touch          Hex            0%         N/A       100%        3
 Swiftness                Air            0%         N/A       100%        3
 Airstrike                Air            0%         2d(0-16)  100%        4
 Yara's Violent Unravell  Hex/Tmut       0%         3d3       100%        5
 Enfeeble                 Hex            0%         N/A       100%        7


Dungeon Overview and Level Annotations

Branches:
Dungeon (7/15)
 Temple: D:4-7

Altars:
Ashenzari
Nemelex Xobeh
Ru
Sif Muna
Uskayaw
Wu Jian
Lugonu

Shops:
D:5 ?   D:6 !

Portals:
Abyss: D:3


Innate Abilities, Weirdness & Mutations

You have a pair of horns on your head.
You reflexively headbutt those who attack you in melee.


Message History

The water moccasin bites you but does no damage.
Your Shields skill increases to level 6!
You feel much better.
You feel very sick.
The killer bee stings you but does no damage.
The water moccasin bites you but does no damage.
The killer bee stings you but does no damage.
You feel very mighty all of a sudden.
You feel sick. You block the killer bee's attack.
The water moccasin bites you but does no damage.
The killer bee stings you but does no damage.
You barely miss the water moccasin.
You feel sick.
The water moccasin bites you but does no damage.
The killer bee stings you but does no damage.
The killer bee stings you.
* * * LOW HITPOINT WARNING * * *
The water moccasin bites you!
* * * LOW HITPOINT WARNING * * *
You are more poisoned.
The water moccasin poisons you!
You feel better.
The killer bee stings you but does no damage.
The water moccasin bites you but does no damage.
The killer bee stings you but does no damage.
As you read the scroll of teleportation, it crumbles to dust.
You feel strangely unstable. You block the killer bee's attack.
The water moccasin bites you.
* * * LOW HITPOINT WARNING * * *
You are lethally poisoned!
The water moccasin poisons you! You block the killer bee's attack.
The water moccasin bites you but does no damage.
Uskayaw links your audience in an emotional bond!
You puncture the killer bee!
You kill the killer bee!
* * * LOW HITPOINT WARNING * * *
You feel very sick.
The water moccasin bites you but does no damage.
You block the hound's attack.
You feel yourself speed up.
You die...

#..................
##..#.......<......
#####..##..>.#....#
##.....##.>.##....
#:.....##...# ...
#.....#...### .##
#...........##.#
###....###.##..##
#....# #@#....#
♣.PP.♣ #Sh)...#
♣♣.P.♣ #.))....#
♣♣.♣♣ #.........
♣♣.♣ #.........
♣.♣♣ #.........
♣♣.♣ #.#....##.
♣.♣♣ #.##..## ##'##
#. $..


You could see a water moccasin (pain bonded) and a hound (pain bonded).

Vanquished Creatures
  Eustachio (D:5)
  A water moccasin (D:7)
  2 orc warriors (D:6)
  A black bear (D:4)
  An ogre (D:7)
  A centaur (D:6)
  A scorpion (D:5)
  4 killer bees (D:7)
  3 hounds
  A jelly (D:4)
  Crazy Yiuf (D:7)
  3 orc priests
  3 iguanas (D:5)
  5 orc wizards
  8 gnolls
  6 adders
  A shadow imp (D:6)
  A white imp (D:5)
  2 ufetubi (D:6)
  3 worms
  A dart slug (D:1)
  23 orcs
  8 bats
  6 endoplasms
  A giant cockroach (D:1)
  7 goblins
  7 hobgoblins
  6 jackals (D:4)
  3 quokkas (D:3)
  8 ball pythons
  3 frilled lizards
  11 kobolds
  7 rats
140 creatures vanquished.

Vanquished Creatures (others)
  2 fungi (D:2)
  A plant (D:2)
3 creatures vanquished.

Grand Total: 143 creatures vanquished

Notes
Turn   | Place    | Note
-------+----------+-------------------------------------------
     0 | D:1      | seveneves the Minotaur Fighter began the quest for the Orb.
     0 | D:1      | Reached XP level 1. HP: 19/19 MP: 0/0
   141 | D:1      | Reached XP level 2. HP: 19/27 MP: 1/1
   685 | D:2      | Found a faded altar of an unknown god.
   700 | D:2      | Prayed at the altar of an unknown god.
   700 | D:2      | Became a worshipper of Uskayaw the Reveller
   700 | D:2      | Reached * piety under Uskayaw
   884 | D:2      | Reached XP level 3. HP: 33/33 MP: 2/2
   916 | D:2      | Reached ** piety under Uskayaw
  1391 | D:3      | Reached skill level 3 in Maces & Flails
  1410 | D:3      | Reached *** piety under Uskayaw
  1453 | D:3      | Found a large runed translucent door.
  1453 | D:3      | Found a large runed translucent door.
  1470 | D:3      | Found a corrupted altar of Lugonu.
  1487 | D:3      | Reached XP level 4. HP: 23/41 MP: 3/3
  1506 | D:3      | Identified a scroll of acquirement
  1506 | D:3      | Acquired a +1 crystal plate armour
  1537 | D:3      | Found a one-way gate to the infinite horrors of the Abyss.
  1711 | D:3      | Reached **** piety under Uskayaw
  1717 | D:3      | Reached XP level 5. HP: 46/47 MP: 4/4
  1774 | D:3      | Reached skill level 5 in Armour
  2166 | D:4      | Reached skill level 4 in Maces & Flails
  2205 | D:4      | Reached XP level 6. HP: 55/55 MP: 5/5
  2216 | D:4      | Acquired a +4 morningstar of draining
  2282 | D:4      | Reached skill level 5 in Fighting
  2282 | D:4      | Reached skill level 5 in Maces & Flails
  2289 | D:4      | Found a sparkling altar of Nemelex Xobeh.
  2651 | D:5      | Entered Level 5 of the Dungeon
  2651 | D:5      | Found Xiloppof's Magic Scroll Boutique.
  2651 | D:5      | Found a hide-covered altar of Uskayaw.
  2696 | D:5      | Bought a scroll of enchant armour for 90 gold pieces
  2728 | D:5      | Reached skill level 5 in Shields
  2741 | D:5      | Noticed Eustachio
  2752 | D:5      | Killed Eustachio
  2753 | D:5      | Reached skill level 6 in Maces & Flails
  2753 | D:5      | Reached XP level 7. HP: 57/61 MP: 6/6
  2784 | D:5      | Reached skill level 1 in Stealth
  2787 | D:5      | Reached ***** piety under Uskayaw
  2874 | D:5      | Found a broken altar of Ashenzari.
  2993 | D:5      | Found an ornate altar of the Wu Jian Council.
  3037 | D:5      | Reached skill level 7 in Maces & Flails
  3265 | D:6      | Reached XP level 8. HP: 55/70 MP: 7/7
  3272 | D:6      | Reached skill level 8 in Maces & Flails
  3303 | D:6      | Found Kesex's Distillery.
  3451 | D:6      | Bought a potion of heal wounds for 60 gold pieces
  3860 | D:7      | Found a sacrificial altar of Ru.
  3862 | D:7      | Found a shimmering blue altar of Sif Muna.
  3906 | D:7      | Found a runed translucent door.
  3907 | D:7      | Noticed Crazy Yiuf
  3913 | D:7      | Killed Crazy Yiuf
  3954 | D:7      | Reached skill level 9 in Maces & Flails
  3956 | D:7      | HP: 3/71 [poisoned by a killer bee]
  3964 | D:7      | HP: 3/71 [poisoned by a water moccasin]
  3965 | D:7      | Succumbed to a water moccasin's poison

Illustrated notes

Levels and vault maps discovered:
D:1:      wander_arrival_lonely_grave, layout_rooms, amcnicky_mini_pool_small
D:2:      layout_loops_ring, shapermc_ecumenical_altar_hornbeckon,
          kennysheep_generic_room_10
D:3:      due_chaos_kobolds, layout_rooms, palyth_stone_intersect,
          minmay_misc_feat_pillars
D:4:      layout_cave_pools, lemuel_coloured_pillars_altar,
          makhleb_heckhound_becter
D:5:      layout_cave_pools, nzn_wu_jian_contemplation, lemuel_crystal_altar,
          ashenzari_conservatory_becter, serial_shops, shop_coins,
          glass_columns_b, kennysheep_generic_room_13, uniq_eustachio
D:6:      layout_layer_cave, serial_shops, nicolae_diamond_shop
D:7:      layout_cave_pools, minitemple, lemuel_temple_firewalk_b,
          uniq_crazy_yiuf_cottage

Skill      XL: |  1  2  3  4  5  6  7  8 |
---------------+-------------------------+-----
Fighting       | 4 5 6 |  6.4
Armour         | 4 5 6 |  6.9
Shields        | 4 5 6 |  6.0
Maces & Flails | 3 4 6 7 9 |  9.2
Stealth        | 1 2 |  2.1

Action                   |  1- 3 |  4- 6 |  7- 9 || total
-------------------------+-------+-------+-------++-------
Melee: Flail             |    97 |     1 |       ||    98
       Headbutt          |    16 |    11 |    10 ||    37
       Whip              |       |    76 |       ||    76
       Morningstar       |       |    26 |    97 ||   123
Invok: Stomp             |       |     1 |       ||     1
  Use: Scroll            |     7 |     9 |     4 ||    20
       Potion            |       |       |     8 ||     8
 Stab: Paralysed         |       |     2 |     3 ||     5
       Invisible         |       |       |     2 ||     2
Armor: Scale mail        |    45 |       |       ||    45
       Crystal plate arm |       |    67 |   138 ||   205
Dodge: Dodged            |    50 |    34 |    32 ||   116
Block: Buckler           |    31 |    17 |    46 ||    94
